 Dungeon Crawl Stone Soup version 0.22-a0-772-gac08f70 (webtiles) character file.

33 tilp the Chiller (level 3, 24/24 HPs)
             Began as a Merfolk Ice Elementalist on July 17, 2018.
             Quit the game on level 1 of the Dungeon.
             The game lasted 00:05:12 (2221 turns).

tilp the Chiller (Merfolk Ice Elementalist)         Turns: 2221, Time: 00:05:12

Health: 24/24      AC:  0    Str:  8    XL:     3   Next: 29%
Magic:  6/6        EV: 13    Int: 15    God:
Gold:   55         SH:  0    Dex: 14    Spells: 0/6 levels left

rFire    . . .     SeeInvis .   g - +0 dagger
rCold    . . .     Gourm    .   (no shield)
rNeg     . . .     Faith    .   n - -2 robe (curse)
rPois    .         Spirit   .   (no helmet)
rElec    .         Reflect  .   (no cloak)
rCorr    .         Harm     .   (no gloves)
MR       .....                  (no boots)
Stlth    ++........             (no amulet)
HPRegen  0.08/turn              (no ring)
MPRegen  0.10/turn              (no ring)

@: no status effects
A: change form in water, swift swim, stealthy swim
a: no special abilities


You were on level 1 of the Dungeon.
You were not hungry.

You visited 1 branch of the dungeon, and saw 1 of its levels.

You collected 55 gold pieces.

Inventory:

Hand Weapons
 d - a +0 hunting sling
 g - a +0 dagger (weapon)
 l - a +0 spear
Missiles
 e - 50 stones (quivered)
Armour
 a - a +1 robe
 n - a cursed -2 robe (worn)
Scrolls
 i - a scroll of magic mapping
Potions
 b - a potion of brilliance
 m - a potion of heal wounds {unknown}
Comestibles
 c - a ration


   Skills:
 - Level 2.6 Dodging
 - Level 2.1 Stealth
 - Level 2.0 Spellcasting
 - Level 0.7 Conjurations
 + Level 4.7 Ice Magic


You couldn't memorise any spells.
You knew the following spells:

 Your Spells              Type           Power        Failure   Level  Hunger
a - Freeze                Ice            ###.         3%          1    #......
b - Throw Frost           Conj/Ice       #.....       11%         2    ###....
c - Ozocubu's Armour      Chrm/Ice       #.......     26%         3    ###....

Your spell library contained the following spells:

 Spells                   Type           Power        Failure   Level  Hunger
 Summon Ice Beast         Ice/Summ       #.......     63%         4    #####..
 Throw Icicle             Conj/Ice       #.......     58%         4    #####..


Dungeon Overview and Level Annotations

Branches:
Dungeon (1/15)

Altars:


Message History

Wear which item? (? for menu, Esc to quit)
You start removing your armour.
You continue taking off your +0 robe. x4
You finish taking off your +0 robe.
You start putting on your armour.
You continue putting on your glowing robe. x5
You finish putting on your cursed -2 robe.
Oops, that feels deathly cold.
As you read the scroll labeled HATHRA BO ZAL, it crumbles to dust.
You feel momentarily disoriented.
It was a scroll of magic mapping.
All of the chunks of flesh in your inventory have rotted away.
As you read the scroll labeled CEATAK PUSOWUO, it crumbles to dust.
It is a scroll of identify.
b - a potion of brilliance
As you read the scroll labeled JEEVEC WUUSSIEPTIO, it crumbles to dust.
The air around you briefly surges with heat, but it dissipates.
It was a scroll of immolation.
As you read the scroll labeled WYIREO XUHE, it crumbles to dust.
It is a scroll of enchant armour.
Your +0 robe glows green for a moment.
Are you sure you want to abandon this character and quit the game? (Confirm with "yes".)

.................##.#>#.##.#
#.#######...........###.##.#
#.######........>.......##.#
#.#....#..######.#########.#
#.#.#.........#..........#.#
#.#.#.##.##...#..####.####.#
#.#...........#..# #.# #.#
...##....#....#..# #.# #.#
#............[##@# #.# #.#
##.#..........##.####.# #.#
...#.............#....####.#
....)......................#
#...........#.#..###########
#..#........#.#.........#
.........####.#....#.##.#
#..#.#...............##.#
#....................##.####


There were no monsters in sight!

Vanquished Creatures
  A dart slug (D:1)
  A giant cockroach (D:1)
  5 hobgoblins (D:1)
  4 jackals (D:1)
  A ball python (D:1)
  3 bats (D:1)
  3 goblins (D:1)
  6 kobolds (D:1)
  6 rats (D:1)
30 creatures vanquished.

Notes
Turn   | Place    | Note
-------+----------+-------------------------------------------
     0 | D:1      | tilp the Merfolk Ice Elementalist began the quest for the Orb.
     0 | D:1      | Reached XP level 1. HP: 13/13 MP: 3/3
    19 | D:1      | Noticed a water moccasin
    19 | D:1      | Noticed a rime drake
    19 | D:1      | Noticed an iguana
   786 | D:1      | Reached XP level 2. HP: 19/19 MP: 5/5
   859 | D:1      | Reached skill level 4 in Ice Magic
   914 | D:1      | Learned a level 2 spell: Throw Frost
  1634 | D:1      | Reached XP level 3. HP: 24/24 MP: 3/6
  1639 | D:1      | Learned a level 3 spell: Ozocubu's Armour
  2221 | D:1      | Quit the game

Vault maps used:
D:1:      onia_arrival_zoo_common, minmay_tetromino_t4

Skill      XL: |  1  2 |
---------------+-------+-----
Ice Magic      | 4 |  4.7
Dodging        | |  2.6
Stealth        | |  2.1
Spellcasting   | |  2.0
Conjurations   | |  0.7

Action                   || total
-------------------------++-------
Melee: Whip              ||     2
       Dagger            ||    16
Throw: Stone             ||     3
 Cast: Freeze            ||    41
       Throw Frost       ||     2
  Use: Scroll            ||     4
 Stab: Sleeping          ||     3
  Eat: Chunk             ||     5
Armor: Robe              ||     6
Dodge: Dodged            ||    39

Table legend:
 A = Spawn XP
 B = Non-spawn XP
 C = Spawn XP percentage of total XP
 D = Spawn monster count
 E = Non-spawn monster count
 F = Spawn count percentage of total count
 G = Total turns spent on level
                    A         B        C        D         E        F      G
               +---------+---------+-------+---------+---------+-------+---------
         Total |       0 |      48 |   0.0 |       0 |      30 |   0.0 |  2221
               +---------+---------+-------+---------+---------+-------+---------
           D:1 |       0 |      48 |   0.0 |       0 |      30 |   0.0 |  2221
               +---------+---------+-------+---------+---------+-------+---------
